 Dungeon Crawl Stone Soup version 0.27-a0-1144-g0b7d3b79db (webtiles) character file.

Game seed: 8313894661840399908

11 Goblin1989 the Sneak (level 2, 0/24 HPs)
             Began as a Demonspawn Delver on May 11, 2021.
             Slain by a frilled lizard (2 damage)
             ... on level 1 of the Dungeon.
             The game lasted 00:03:37 (683 turns).

Goblin1989 the Sneak (Demonspawn Delver)             Turns: 683, Time: 00:03:38

Health: 0/24       AC:  5    Str: 12    XL:     2   Next: 13%
Magic:  2/2        EV: 11    Int: 11    God:
Gold:   7          SH:  0    Dex: 14    Spells: 1/1 levels left

rFire    . . .     SeeInvis .   P - +0 whip
rCold    . . .     Faith    .   (no shield)
rNeg     . . .     Spirit   .   b - +0 leather armour
rPois    .         Reflect  .   (no helmet)
rElec    .         Harm     .   (no cloak)
rCorr    .         Rampage  .   (no gloves)
Will     .....                  (no boots)
Stlth    ++........             (no amulet)
HPRegen  0.08/turn              (no ring)
MPRegen  0.08/turn              (no ring)

@: no status effects
A: molten scales 1
a: no special abilities


You were on level 1 of the Dungeon.
You visited 1 branch of the dungeon, and saw 5 of its levels.

You collected 7 gold pieces.

Inventory:

Hand Weapons
 a - a +0 mace
 P - a +0 whip (weapon)
Armour
 b - a +0 leather armour (worn)
 Q - a +0 chain mail
Wands
 g - a wand of digging (2) {@v1}
Scrolls
 c - a scroll of fog
 N - a scroll of enchant armour {unknown}
 O - a scroll of identify {unknown}
 R - a scroll of immolation {unknown}


   Skills:
 - Level 3.0 Fighting
 + Level 2.6 Maces & Flails
 - Level 1.7 Dodging
 - Level 4.5 Stealth


You had one spell level left.
You didn't know any spells.
Your spell library was empty.

Dungeon Overview and Level Annotations

Branches:
Dungeon (5/15)
 Temple: D:4-7

Altars:

Shops:
D:1 [

Annotations:
D:5 1 transporter


Innate Abilities, Weirdness & Mutations

You are partially covered in molten scales. (AC +2)


Message History

You hit the kobold.
The kobold is severely wounded.
The kobold hits you with a +0 short sword.
* * * LOW HITPOINT WARNING * * *
You take 2 damage, and have 1/24 hp.
You closely miss the kobold.
The kobold is severely wounded.
The kobold misses you.
Unknown command.
Okay, then.
Aiming: Dig
Press: ? - help, Shift-Dir - straight line A rock wall.
The rock shatters into small pieces.
The kobold barely misses you.
Found a metallic blue potion.
You enter the shallow water.
Moving in this stuff is going to be slow.
The kobold barely misses you.
The endoplasm hits the fungus.
The fungus begins to die.
The kobold splashes around in the water.
Found a stone staircase leading down.
A rat comes into view.
A ball python comes into view.
The ball python hisses angrily.
Found a robe.
The ball python barely misses you. The ball python closely misses you.
A frilled lizard and a ball python come into view.
The ball python barely misses you. The ball python misses you.
The frilled lizard moves out of view.
Really walk into that dispersal trap?
You enter a dispersal trap!
The kobold blinks!
The endoplasm blinks!
The ball python blinks! x2; The kobold blinks!
The endoplasm blinks!
The ball python blinks!
The frilled lizard blinks!
The kobold blinks!
You blink.
Unknown command.
The rat bites you but does no damage. The rat bites you but does no damage.
The rat bites you but does no damage.
You barely miss the rat. The rat closely misses you.
You barely miss the rat. The rat bites you.
* * * LOW HITPOINT WARNING * * *
You take 1 damage, and have 5/24 hp.
You barely miss the rat. The rat misses you.
You feel yourself speed up. The rat bites you but does no damage.
You hit the rat.
You kill the rat!
Unknown command.
Unknown command.
As you read the scroll of magic mapping, it crumbles to dust.
You feel aware of your surroundings.
You sensed 1 altar, and 1 shop/portal.
A goblin comes into view. It is wielding a +0 club.
The kobold barely misses you.
You open the door.
There is an open door here.
You open the door.
There is an open door here.
Found Qidduma's Antique Armour Emporium.
A bat and a hobgoblin come into view.
A frilled lizard comes into view.
The frilled lizard hisses angrily.
The bat hits you.
* * * LOW HITPOINT WARNING * * *
You take 1 damage, and have 6/24 hp.
You closely miss the bat.
The frilled lizard hisses angrily.
The bat barely misses you. The bat barely misses you. The bat hits you.
* * * LOW HITPOINT WARNING * * *
You take 1 damage, and have 5/24 hp.
Your extra speed is starting to run out.
The bat barely misses you.
You hit the frilled lizard but do no damage.
You hit the frilled lizard.
You kill the frilled lizard!
The bat hits you but does no damage.
You miss the bat. The bat hits you but does no damage. x2
You hit the bat.
The bat is severely wounded.
The bat barely misses you.
You barely miss the bat.
The bat is severely wounded.
The bat barely misses you. The bat completely misses you.
You hit the bat.
You kill the bat!
You open the door.
You feel yourself slow down.
There is an open door here.
A rat comes into view.
Found a gold piece.
A quokka comes into view.
Found a stone staircase leading down.
You barely miss the quokka. The rat bites you.
* * * LOW HITPOINT WARNING * * *
The quokka bites you.
* * * LOW HITPOINT WARNING * * *
You take 3 damage, and have 4/24 hp.
You barely miss the quokka. The rat bites you.
* * * LOW HITPOINT WARNING * * *
The frilled lizard bites you.
You die...

▓·····▓·▓▓▓▓▓
▓·▓·▓·······▓▓
▓·▓·▓▓▓·▓····▓
▓·▓···▓·▓·▓▓·▓
▓·▓·▓▓▓·▓·▓▓·▓ ███
███████▲█▲███·█·▓▓·▓
..█▓████...........█.█·▓▓·▓
..▲·...........l...$>█.█▓·▓
..███▲██.......r@r......▓·▓
████...............█████▓·▓
█ █...............█ ▓····▓
██ █...............█ ▓·▓▓▓▓
.█ ██∆██...........█▓▓·▓
.██ █.████████.......··▓
..█ █†█ █████████▓▓
█.███.██████▓▓▓·▓
.............···▓▓▓▓▓▓▓▓


You could see a quokka, a frilled lizard and a rat.

Vanquished Creatures
  An orc (D:3)
  A bat (D:1)
  2 hobgoblins
  2 kobolds
  A quokka (D:2)
  A frilled lizard (D:1)
  A rat (D:1)
9 creatures vanquished.

Vanquished Creatures (others)
  A fungus (D:1)
1 creature vanquished.

Grand Total: 10 creatures vanquished

Notes
Turn   | Place    | Note
-------+----------+-------------------------------------------
     0 | D:5      | Goblin1989 the Demonspawn Delver began the quest for the
                  | Orb.
     0 | D:5      | Reached XP level 1. HP: 18/18 MP: 1/1
     4 | D:5      | Found a transporter.
     4 | D:5      | Noticed a steam dragon
     6 | D:5      | Noticed a hound
    14 | D:4      | Noticed an ogre
    75 | D:4      | Noticed a gnoll sergeant
   129 | D:4      | Noticed a wight
   529 | D:1      | Gained mutation: You are partially covered in molten
                  | scales. (AC +2) [demonic ancestry]
   529 | D:1      | Reached XP level 2. HP: 10/24 MP: 2/2
   543 | D:1      | HP: 1/24 [kobold/+0 short sword (2)]
   654 | D:1      | Found Qidduma's Antique Armour Emporium.
   683 | D:1      | Slain by a frilled lizard

Illustrated notes

Levels and vault maps discovered:
D:1:      mrwooster_arrival_statue, layout_basic,
          shapermc_ecumenical_altar_hornbeckon, serial_shops, shop
D:2:      layout_basic, st_stairs_5
D:3:      layout_loops_corners, general_overflow_altar, lemuel_doored_altar
D:4:      layout_loops_cross, uniq_menkaure
D:5:      gammafunk_wand_slinger, layout_rooms, chequers_serial_rivers_small_a,
          grunt_ministairs_1, chequers_serial_rivers_micro_a

Skill      XL: |  1 |
---------------+----+-----
Maces & Flails | 2 |  2.6
Fighting       | |  3.0
Dodging        | |  1.7
Stealth        | |  4.5

Action                   || total
-------------------------++-------
Melee: Whip              ||    31
       Mace              ||    13
Evoke: Wand              ||     1
  Use: Scroll            ||     2
       Potion            ||     1
 Stab: Sleeping          ||     2
Armor: Leather armour    ||    13
Dodge: Dodged            ||    40

Table legend: (Time is in decaauts)
 A = Elapsed time spent in this place.
 B = Non-inter-level travel time spent in this place.
 C = Inter-level travel time spent in this place.
 D = Time resting spent in this place.
 E = Time spent auto-exploring this place.
 F = Levels seen in this place.
 G = Mean time per level.
                   A        B        C        D        E       F      G
               +--------+--------+--------+--------+--------+-----+--------+
         Total |    667 |    667 |      0 |    323 |      7 |   5 |  133.4 |
       Dungeon |    667 |    667 |      0 |    323 |      7 |   5 |  133.4 |
               +--------+--------+--------+--------+--------+-----+--------+

Top non-repeatable levels by time:
     D:1: 231 daAuts
     D:3: 179 daAuts
     D:4: 126 daAuts
     D:2: 120 daAuts
     D:5: 9 daAuts
